 Dungeon Crawl Stone Soup version 0.25.0-46-gbd7b0854d2 (webtiles) character file.

Game seed: 1113782121444194280

8640 funkygono the Destroyer (level 11, -2/82 HPs)
             Began as a Grey Draconian Conjurer on July 18, 2020.
             Slain by a polar bear (14 damage)
             ... on level 1 of the Lair of Beasts.
             The game lasted 00:29:30 (11807 turns).

funkygono the Destroyer (Grey Draconian Conjurer)  Turns: 11807, Time: 00:29:31

Health: -2/82      AC: 15    Str: 10    XL:     11   Next: 12%
Magic:  17/25      EV: 14    Int: 19    God:
Gold:   1226       SH:  0    Dex: 12    Spells: 22/30 levels left

rFire    + . .     SeeInvis +   w - +0 quarterstaff (flame)
rCold    . . .     Gourm    .   (shield currently unavailable)
rNeg     . . .     Faith    .   (armour unavailable)
rPois    .         Spirit   .   (helmet restricted)
rElec    .         Reflect  .   v - +1 cloak
rCorr    .         Harm     .   (no gloves)
MR       .....                  m - +0 pair of boots
Stlth    ++........             d - amulet of magic regeneration
HPRegen  0.23/turn              u - ring of protection from fire
MPRegen  0.44/turn              C - ring of see invisible

@: no status effects
A: walk through water, unfitting armour, unbreathing, cold-blooded, AC +12
a: no special abilities


You were on level 1 of the Lair of Beasts.
You were not hungry.

You visited 2 branches of the dungeon, and saw 11 of its levels.
You also visited: Bailey.

You collected 1226 gold pieces.

Inventory:

Hand Weapons
 w - a +0 quarterstaff of flaming (weapon)
Missiles
 f - 297 stones (quivered)
Armour
 m - a +0 pair of boots (worn)
 v - a +1 cloak (worn)
Jewellery
 d - an amulet of magic regeneration (around neck)
 u - a ring of protection from fire (left hand)
 C - a ring of see invisible (right hand)
 G - an uncursed ring of flight
Wands
 a - a wand of disintegration (11)
 l - a wand of polymorph (24)
 s - a wand of random effects (13)
 y - a wand of clouds (4)
 z - a wand of flame (49)
Scrolls
 e - 4 scrolls of teleportation
 h - 3 scrolls of magic mapping
 n - a scroll of identify
 o - 3 scrolls of remove curse
 p - 3 scrolls of amnesia
Potions
 c - 4 potions of lignification
 g - 3 potions of heal wounds
 i - 2 potions of haste
 j - a potion of invisibility
 k - 3 potions of stabbing
 q - 2 potions of resistance
 r - a potion of cancellation
 t - 4 potions of curing
 x - a potion of brilliance
 A - a potion of flight {unknown}
 D - a potion of degeneration {unknown}
Comestibles
 b - 14 rations


   Skills:
 + Level 3.0 Fighting
   Level 2.2 Short Blades
 + Level 1.5 Staves
 + Level 5.0 Dodging
 - Level 2.0 Stealth
 + Level 10.1 Spellcasting
 + Level 12.2 Conjurations


You had 22 spell levels left.
You knew the following spells:

 Your Spells              Type           Power        Failure   Level  Hunger
a - Magic Dart            Conj           ####         1%          1    None
b - Searing Ray           Conj           ######       1%          2    None
c - Lee's Rapid Deconstr  Erth           #.........   90%         5    #####..

Your spell library contained the following spells:

 Spells                   Type           Power        Failure   Level  Hunger
 Dazzling Flash           Conj/Hex       ####..       1%          3    None
 Fulminant Prism          Conj/Hex       ####......   6%          4    ##.....
 Iskenderun's Mystic Bla  Conj/Tloc      ####....     6%          4    ##.....
 Passwall                 Tmut/Erth      #.......     11%         2    None
 Swiftness                Chrm/Air       #.......     11%         2    None
 Passage of Golubria      Tloc           N/A          58%         4    ##.....
 Darkness                 Hex            #.........   100%        6    ######.
 Invisibility             Hex            #.......     100%        6    ######.


Dungeon Overview and Level Annotations

Branches:
Dungeon (10/15)              Lair (1/6) D:10         Bailey (visited)
 Temple: D:4-7          Orc: D:9-12

Altars:
Cheibriados
Gozag
Hepliaklqana
Makhleb
Nemelex Xobeh
Ru
Wu Jian
Yredelemnul

Shops:
D:9 }*=?%


Innate Abilities, Weirdness & Mutations

You can walk through water.
Your dull iron-grey scales are very hard. (AC +12)
You cannot fit into any form of body armour.
You can survive without breathing.
You are cold-blooded and may be slowed by cold attacks.


Message History

Press: ? - help, Shift-Dir - straight line, f/p - polar bear
Aim: a polar bear (almost dead, berserk)
The magic dart hits the polar bear.
The polar bear is almost dead.
The polar bear bites you!
The polar bear claws you but does no damage. x2
Casting: Magic Dart (safe; 1% risk of failure)
Confirm with . or Enter, or press ? or * to list all spells.
Aiming: Magic Dart (safe; 1% risk of failure)
Press: ? - help, Shift-Dir - straight line, f/p - polar bear
Aim: a polar bear (almost dead, berserk)
The magic dart hits the polar bear but does no damage.
The polar bear is almost dead.
The polar bear bites you!
The polar bear claws you but does no damage. x2
The polar bear bites you!!
* * * LOW HITPOINT WARNING * * *
The polar bear claws you but does no damage. x2
The polar bear bites you!
You die...

#..## ##.....###P. ##.#
#....##.#### #.##
#...#.### ##..# #......###
#...####........##
##....#.....###...##
#..........#.####...
#...........## #...
#..@........## ##..
#.h##....#...## ##. .
##..##...####..####.. ..#
#P..##...# ##....... ....
##..###..# #....... ...h.
#...##..### #.......
......#..###..#.####......
.........# #...#.##.....##
.........# #..........###


You could see a polar bear (berserk).

Vanquished Creatures
  A two-headed ogre (D:10)
  An unseen horror (D:10)
  2 orc knights (Bailey)
  An oklob plant (D:10)
  Psyche (D:8)
  Maggie (D:6)
  2 rime drakes (Lair:1)
  Prince Ribbit (D:7)
  The ghost of ZZKoverts the Slinger, an amateur HaHu (D:3)
  Sigmund (D:3)
  A wraith (D:10)
  A wyvern (D:8)
  A basilisk (Lair:1)
  2 water moccasins (Lair:1)
  A porcupine (Lair:1)
  3 ice beasts
  7 orc warriors
  A black bear (D:9)
  3 sky beasts
  2 necrophages
  A phantom (D:5)
  A centaur (D:10)
  A crocodile (Lair:1)
  A big kobold (D:9)
  6 bullfrogs
  4 scorpions
  5 killer bees (D:7)
  2 howler monkeys
  3 bullfrog zombies
  A centaur zombie (D:5)
  6 crimson imps
  A quasit (D:8)
  4 hounds
  3 jellies
  6 orc priests
  2 centaur skeletons
  3 iguanas
  Jessica (D:2)
  6 orc wizards
  2 worker ants
  A worker ant zombie (D:7)
  10 adders
  A gnoll (Bailey)
  An ooze (D:6)
  An adder skeleton (D:7)
  2 worms
  3 leopard geckos
  48 orcs
  3 ball pythons
  9 bats
  7 giant cockroaches
  9 goblins
  14 hobgoblins
  8 jackals
  3 quokkas
  7 frilled lizards
  A jackal skeleton (D:4)
  A jackal zombie (D:5)
  18 kobolds
  A quokka zombie (D:5)
  6 rats
  A plant (D:10)
248 creatures vanquished.

Vanquished Creatures (others)
  5 plants (Lair:1)
5 creatures vanquished.

Grand Total: 253 creatures vanquished

Notes
Turn   | Place    | Note
-------+----------+-------------------------------------------
     0 | D:1      | funkygono the Draconian Conjurer began the quest for the
                  | Orb.
     0 | D:1      | Reached XP level 1. HP: 14/14 MP: 3/3
   348 | D:1      | Reached XP level 2. HP: 20/20 MP: 0/5
   860 | D:1      | Learned a level 2 spell: Searing Ray
   982 | D:1      | Reached XP level 3. HP: 25/26 MP: 0/6
  2076 | D:2      | Reached XP level 4. HP: 33/33 MP: 4/7
  2213 | D:2      | Reached skill level 5 in Conjurations
  2275 | D:2      | Found a sparkling altar of Nemelex Xobeh.
  2276 | D:2      | Noticed Jessica
  2278 | D:2      | Killed Jessica
  2458 | D:3      | Noticed Sigmund
  2464 | D:3      | Killed Sigmund
  2464 | D:3      | Reached XP level 5. HP: 17/39 MP: 1/10
  2464 | D:3      | Reached XP level 6. HP: 20/46 MP: 1/11
  2645 | D:3      | Found a runed translucent door.
  2647 | D:3      | Noticed ZZKoverts's ghost (amateur HaHu)
  2730 | D:3      | Reached skill level 6 in Conjurations
  3235 | D:3      | Found an opulent altar of Gozag.
  3235 | D:3      | Found a basalt altar of Yredelemnul.
  3269 | D:3      | Reached skill level 1 in Fighting
  4162 | D:4      | Noticed a sky beast
  4176 | D:4      | Killed a sky beast
  4176 | D:4      | Your scales start taking on a dull iron-grey colour.
  4176 | D:4      | Reached XP level 7. HP: 45/52 MP: 4/13
  4176 | D:4      | Gained mutation: You can survive without breathing. [Grey
                  | Draconian growth]
  4268 | D:4      | Reached skill level 1 in Short Blades
  5014 | D:5      | Entered Level 5 of the Dungeon
  5086 | D:5      | Reached skill level 7 in Conjurations
  5365 | D:5      | Reached XP level 8. HP: 24/61 MP: 9/15
  5517 | D:5      | Reached skill level 5 in Spellcasting
  5575 | D:5      | You fall into a shaft and drop 1 floor!
  5733 | D:6      | Reached skill level 8 in Conjurations
  6186 | D:6      | Noticed Maggie
  6208 | D:6      | Killed Maggie
  6208 | D:6      | Reached skill level 9 in Conjurations
  6677 | D:7      | Reached skill level 1 in Staves
  6704 | D:7      | Noticed Prince Ribbit
  6719 | D:7      | Killed Prince Ribbit
  6719 | D:7      | Reached XP level 9. HP: 56/67 MP: 9/18
  7172 | D:7      | Found a sacrificial altar of Ru.
  7326 | D:8      | Reached skill level 10 in Conjurations
  7489 | D:8      | Noticed Psyche
  7499 | D:8      | Killed Psyche
  7914 | D:8      | Learned a level 5 spell: Lee's Rapid Deconstruction
  8053 | D:8      | Noticed a lindwurm
  8138 | D:8      | Noticed a lindwurm
  8299 | D:3      | Killed ZZKoverts's ghost
  8511 | D:9      | Found Pubo's Magic Scroll Boutique.
  8511 | D:9      | Found an ornate altar of the Wu Jian Council.
  8554 | D:9      | Found a snail-covered altar of Cheibriados.
  8657 | D:9      | Reached XP level 10. HP: 74/74 MP: 16/21
  8698 | D:9      | Found a burning altar of Makhleb.
  8772 | D:9      | Found Cullof's Jewellery Shop.
  8777 | D:9      | Found a flagged portal.
  8812 | Bailey   | Entered a bailey
  8838 | Bailey   | Noticed an orc knight
  8860 | Bailey   | Noticed an orc knight
  8963 | Bailey   | Killed an orc knight
  8963 | Bailey   | Reached skill level 11 in Conjurations
  9395 | Bailey   | Killed an orc knight
  9718 | D:9      | Found Onisa's General Store.
  9786 | D:9      | Found a hazy altar of Hepliaklqana.
  9860 | D:9      | Found Wellei's Gadget Shop.
  9928 | D:9      | Found Lowuo's Food Boutique.
  9982 | D:10     | Entered Level 10 of the Dungeon
 10051 | D:10     | Found a staircase to the Lair.
 10051 | D:10     | Noticed an oklob plant
 10059 | D:10     | Killed an oklob plant
 10275 | D:10     | Noticed an unseen horror
 10289 | D:10     | Killed an unseen horror
 10578 | D:10     | Noticed a two-headed ogre
 10588 | D:10     | Killed a two-headed ogre
 10588 | D:10     | Reached skill level 12 in Conjurations
 11257 | Lair:1   | Entered Level 1 of the Lair of Beasts
 11274 | Lair:1   | Reached XP level 11. HP: 66/82 MP: 17/24
 11361 | Lair:1   | Reached skill level 10 in Spellcasting
 11798 | Lair:1   | Reached skill level 5 in Dodging
 11807 | Lair:1   | Slain by a polar bear

Illustrated notes

Levels and vault maps discovered:
D:1:      saegor_arrival_simple_e, layout_basic, minmay_misc_feat_tiny
D:2:      layout_rooms, lemuel_round_altar, first_ration, uniq_jessica
D:3:      layout_rooms, gammafunk_temple_overflow_wave,
          ebering_ghost_reflecting_pool, uniq_sigmund
D:4:      layout_rooms
D:5:      layout_rooms, grunt_temple_overflow_growth_and_decay,
          okawaru_altar_gauntlet_db, dancing_weapons_uskayaw,
          minmay_temple_entry_butterflies, uniq_menkaure
D:6:      layout_loops_cross, uniq_maggie
D:7:      layout_cave_pools, kennysheep_mini, uniq_prince_ribbit1
D:8:      layout_basic, minmay_lindwurm_lava, uniq_psyche
D:9:      layout_rooms, grunt_temple_overflow_open,
          nicolae_overflow_hidden_temple, lemuel_doored_altar, enter_bailey_2,
          serial_shops, shop, shop, shop, nicolae_shop_window_shopping,
          nicolae_shop_behind_doors
D:10:     layout_stronghold, dpeg_oklobed_lair
Lair:1:   layout_layer_cave, chequers_serial_rivers_micro_e,
          cheibrodos_lair_lostbears

Skill      XL: |  1  2  3  4  5  6  7  8  9 10 11 |
---------------+----------------------------------+-----
Dodging        | 2 3 4 5 |  5.0
Stealth        | 2 |  2.0
Conjurations   | 5 6 7 9 10 12 | 12.2
Spellcasting   | 3 4 6 7 9 10 | 10.1
Fighting       | 1 2 3 |  3.0
Short Blades   | 2 |  2.2
Staves         | 1 |  1.5

Action                   |  1- 3 |  4- 6 |  7- 9 | 10-12 || total
-------------------------+-------+-------+-------+-------++-------
Melee: Unarmed           |    45 |       |       |       ||    45
       Tailslap          |     4 |     5 |     9 |       ||    18
       Short sword       |       |    48 |    34 |       ||    82
       Quarterstaff      |       |       |     2 |     3 ||     5
 Cast: Magic Dart        |    84 |    84 |   179 |   207 ||   554
       Searing Ray       |     2 |     9 |    66 |    44 ||   121
  Use: Scroll            |       |     9 |    10 |     3 ||    22
       Potion            |       |       |     1 |       ||     1
  Eat: Chunk             |     5 |     7 |     8 |     5 ||    25
       Ration            |       |       |     2 |     1 ||     3
Armor: Skin              |    30 |    29 |    63 |    44 ||   166
Dodge: Dodged            |    48 |    34 |    86 |   100 ||   268
